Marlies vs Comets
Created - January 11, 2023 at 19:36
Goals
|
| Marlies |
1 |
1 |
0 |
0 |
0 |
2 |
| Comets |
0 |
1 |
1 |
0 |
1 |
3 |
|
Shots
|
| Marlies |
7 |
11 |
13 |
0 |
4 |
31 |
| Comets |
14 |
9 |
10 |
0 |
4 |
33 |
|
1st period
1. Marlies , Otto Koivula 1 (Tobias Lindberg 3, Aleksi Saarela 14) at 7:13
Penalties :
Hudson Fasching (Uti) for Tripping (Minor) at 2:23
2nd period
2. Marlies , Nicholas Baptiste 19 (Valentin Zykov 14) at 6:53
3. Comets , Teemu Pulkkinen 17 (Nicolas Petan 8) at 11:45
Penalties :
Daniil Miromanov (Uti) for Holding (Minor) at 1:50, Brett Pesce (Tor) for Holding (Minor) at 7:15, Juho Lammikko (Uti) for Slashing (Double Minor) at 17:11
3rd period
4. Comets , Chandler Stephenson 11 (Juho Lammikko 13, Kurtis Macdermid 4) at 11:16
Penalties :
Oliver Kylington (Uti) for Holding (Minor) at 6:03, Scott Harrington (Uti) for High sticking (Minor) at 14:30, Logan Brown (Tor) for Hooking (Minor) at 17:30
Overtime #1
No Goal
Penalties :
No Penalty
Shootout
Marlies, Logan Brown - Stopped by Thatcher Demko
Comets, Dennis Everberg - Stopped by Logan Thompson
Marlies, Martin Necas - Stopped by Thatcher Demko
Comets, Teemu Pulkkinen - Stopped by Logan Thompson
Marlies, Alex Formenton - Stopped by Thatcher Demko
Comets, Andrej Nestrasil - Shot Misses the Net
Marlies, Nicholas Baptiste - Shot Misses the Net
Comets, Nicolas Petan - Goal!
Penalties :
No Penalty
Goalie Stats
Logan Thompson (Tor), 31 saves from 33 shots - (0.939), OTL, 7-3-1, 65:00 minutes
Thatcher Demko (Uti), 29 saves from 31 shots - (0.935), W, 11-5-0, 65:00 minutes
Players Stats for Marlies
Player Name G A P +/- PIM S H SB GA TA FO MP PP MP PK MP
------------------------------------------------------------------------------------
Aleksi Saarela 0 1 1 0 0 4 0 0 0 2 12/25 22:31 5:40 1:53
Alex Formenton 0 0 0 0 0 1 2 0 0 0 1/1 16:24 5:12 1:34
Brett Pesce 0 0 0 0 2 3 3 1 0 0 0/0 30:33 6:49 1:02
Colton Sissons 0 0 0 0 0 4 1 0 1 0 6/14 15:47 1:24 1:33
Dmitri Samorukov 0 0 0 1 0 0 0 0 0 0 0/0 11:18 0:08 0:54
Elias Pettersson 0 0 0 0 0 1 0 0 1 1 2/6 8:34 1:54 0:00
Jeff Corbett 0 0 0 -1 0 0 1 0 1 0 0/0 20:59 0:08 2:12
Keaton Thompson 0 0 0 1 0 0 2 1 1 0 0/0 17:40 4:58 1:38
Logan Brown 0 0 0 0 2 4 1 0 0 0 4/8 16:38 3:18 0:13
Lucas Carlsson 0 0 0 1 0 1 1 0 0 0 0/0 26:04 4:58 1:38
Martin Necas 0 0 0 0 0 3 1 0 0 0 1/1 17:02 4:31 0:00
Mathieu Olivier 0 0 0 0 0 1 1 0 0 0 1/1 11:43 0:00 0:00
Nicholas Baptiste 1 0 1 -1 0 2 1 0 1 0 1/1 24:18 5:53 1:48
Otto Koivula 1 0 1 1 0 1 0 0 0 0 1/1 6:51 0:00 0:00
Pierre-Olivier Joseph 0 0 0 -2 0 0 2 4 0 0 0/0 23:46 6:49 0:51
Tobias Lindberg 0 1 1 1 0 1 1 0 0 0 0/1 8:23 1:10 0:00
Tyler Benson 0 0 0 0 0 2 4 0 0 1 0/0 13:18 0:08 0:00
Valentin Zykov 0 1 1 -1 0 3 2 1 0 1 1/4 24:11 6:35 0:36
Players Stats for Comets
Player Name G A P +/- PIM S H SB GA TA FO MP PP MP PK MP
------------------------------------------------------------------------------------
Adam Ollas-Mattsson 0 0 0 0 0 0 0 1 0 0 0/0 10:03 0:00 0:12
Andrej Nestrasil 0 0 0 0 0 5 0 0 0 0 4/9 20:04 1:52 3:55
Anton Karlsson 0 0 0 0 0 0 2 0 0 0 0/1 3:38 0:07 2:01
Anton Zlobin 0 0 0 0 0 0 0 0 0 0 0/0 0:00 0:00 0:00
Chandler Stephenson 1 0 1 0 0 3 0 0 0 0 4/8 10:41 0:00 0:00
Dan Renouf 0 0 0 -1 0 0 1 0 0 0 0/0 21:31 1:08 4:54
Daniil Miromanov 0 0 0 1 2 0 0 0 0 0 0/0 4:55 0:00 0:00
Dennis Everberg 0 0 0 0 0 1 2 0 2 0 4/7 24:07 1:59 5:59
Hudson Fasching 0 0 0 0 2 4 1 0 0 0 0/0 14:45 1:52 0:00
Juho Lammikko 0 1 1 0 4 5 3 0 0 0 0/0 10:47 0:00 0:00
Juuso Riikola 0 0 0 0 0 1 2 2 1 1 0/0 28:49 2:50 6:49
Kurtis Macdermid 0 1 1 0 0 0 2 0 0 0 0/0 10:41 0:00 0:00
Lane Pederson 0 0 0 0 0 0 0 0 0 0 0/0 1:28 0:07 0:00
Mackenzie MacEachern 0 0 0 0 0 3 0 0 0 0 1/1 6:12 0:00 0:00
Michael Joly 0 0 0 0 0 0 0 0 0 0 0/0 6:12 0:00 0:00
Nicolas Petan 0 1 1 0 0 3 3 0 0 0 17/28 21:31 1:59 3:47
Oliver Kylington 0 0 0 -1 2 0 0 1 0 1 0/0 20:30 1:08 3:54
Phil Di Giuseppe 0 0 0 0 0 4 3 0 1 1 1/2 14:11 1:52 0:00
Rasmus Asplund 0 0 0 0 0 0 0 0 0 0 0/0 0:00 0:00 0:00
Sami Niku 0 0 0 0 0 1 0 0 0 0 0/0 10:57 0:00 1:42
Scott Harrington 0 0 0 0 2 1 0 4 0 1 0/0 28:01 2:50 5:44
Teemu Pulkkinen 1 0 1 0 0 1 2 0 1 1 1/2 24:18 2:06 6:07
Tyler Graovac 0 0 0 0 0 1 1 0 0 0 1/4 6:12 0:00 0:00
William Lagesson 0 0 0 1 0 0 0 0 0 0 0/0 5:28 0:00 0:35
William Lockwood 0 0 0 0 0 0 0 0 0 0 0/1 2:59 0:00 2:01
3 Stars
1 - Teemu Pulkkinen (Uti)
2 - Thatcher Demko (Uti)
3 - Logan Thompson (Tor)
Power Play
Marlies - 0 on 6 Attempt(s) - 0.00%
Comets - 0 on 2 Attempt(s) - 0.00%
Penalty Kill
Marlies - 2 on 2 Attempt(s) - 100.00%
- Score 0 goal in Penalty Kill
Comets - 6 on 6 Attempt(s) - 100.00%
- Score 0 goal in Penalty Kill
Team Stat
Marlies - Hits : 23 - Faceoff Wins : 30 - Blocked Shots : 7 - Penalty Minutes : 4
Comets - Hits : 22 - Faceoff Wins : 33 - Blocked Shots : 8 - Penalty Minutes : 12
Official
Referees : Justin St. Pierre and Jean Hebert
Linesman : Andrew Smith and Brandon Gawryletz
Game Notes
Elias Pettersson is injured at 5:35 of 2nd period (Back)
Finance
Level 1 -- Attendance: 2000 (100.00%) -- Ticket Income $70,000
Level 2 -- Attendance: 902 (90.20%) -- Ticket Income $13,530
Total Attendance: 2902 (96.73%)
Total Ticket Income: $83,530
Other Income: $4,176
Total Income: $87,706
Marlies
5 vs 5 Forward
Center Left Wing Right Wing Time % Phy DF OF
1 Elias Pettersson Valentin Zykov Nicholas Baptiste 40 0 2 3
2 Colton Sissons Tyler Benson Martin Necas 30 1 2 2
3 Logan Brown Alex Formenton Mathieu Olivier 20 1 2 2
4 Aleksi Saarela Otto Koivula Tobias Lindberg 10 1 3 1
5 vs 5 Defense
Defense Defense Time % Phy DF OF
1 Brett Pesce Lucas Carlsson 40 1 2 2
2 Pierre-Olivier Joseph Jeff Corbett 30 1 2 2
3 Dmitri Samorukov Keaton Thompson 20 1 2 2
4 Brett Pesce Jeff Corbett 10 1 2 2
PowerPlay Forward
Center Left Wing Right Wing Time % Phy DF OF
1 Elias Pettersson Valentin Zykov Nicholas Baptiste 60 1 2 2
2 Aleksi Saarela Alex Formenton Martin Necas 40 1 2 2
PowerPlay Defense
Defense Defense Time % Phy DF OF
1 Brett Pesce Pierre-Olivier Joseph 60 1 2 2
2 Keaton Thompson Lucas Carlsson 40 1 2 2
Penalty Kill 4 Players Forward
Center Wing Time % Phy DF OF
1 Elias Pettersson Nicholas Baptiste 60 1 2 2
2 Colton Sissons Tyler Benson 40 1 2 2
Penalty Kill 4 Players Defense
Defense Defense Time % Phy DF OF
1 Brett Pesce Jeff Corbett 60 1 2 2
2 Keaton Thompson Lucas Carlsson 40 1 2 2
Penalty Kill - 3 Players Forward
Forward Time % Phy DF OF
1 Elias Pettersson 60 1 2 2
2 Colton Sissons 40 1 2 2
Penalty Kill - 3 Players Defense
Defense Defense Time % Phy DF OF
1 Brett Pesce Jeff Corbett 60 1 2 2
2 Keaton Thompson Lucas Carlsson 40 1 2 2
4 vs 4 Forward
Center Wing Time % Phy DF OF
1 Elias Pettersson Nicholas Baptiste 60 1 2 2
2 Colton Sissons Valentin Zykov 40 1 2 2
4 vs 4 Defense
Defense Defense Time % Phy DF OF
1 Brett Pesce Lucas Carlsson 60 1 2 2
2 Pierre-Olivier Joseph Jeff Corbett 40 1 2 2
Last Minutes Offensive
Center Left Wing Right Wing Defense Defense
Elias Pettersson Valentin Zykov Nicholas Baptiste Brett Pesce Lucas Carlsson
Last Minutes Defensive
Center Left Wing Right Wing Defense Defense
Colton Sissons Valentin Zykov Nicholas Baptiste Brett Pesce Lucas Carlsson
Goaltenders
Starting : Logan Thompson
Backup : Charlie Lindgren
Extra Forwards
Normal : Aleksi Saarela, Logan Brown, Mathieu Olivier - PP : Aleksi Saarela, Logan Brown - PK : Aleksi Saarela
Extra Defensemen
Normal : Keaton Thompson, Dmitri Samorukov, Jeff Corbett - PP : Lucas Carlsson - PK : Brett Pesce, Dmitri Samorukov
Penalty Shots
Logan Brown, Martin Necas, Alex Formenton, Nicholas Baptiste, Aleksi Saarela
Scratches
Brycen Martin (Healthy), Marc McLaughlin (Healthy), Dennis Gilbert (Right Foot Injury), Henri Ikonen (Healthy), Jaden Lindo (Healthy)
Jakob Forsbacka-Karlsson (Healthy), Matthew Highmore (Healthy), Radovan Bondra (Healthy), Simon Bourque (Healthy), Mike Hardman (Healthy)
Jonathan Davidsson (Healthy)
Comets
5 vs 5 Forward
Center Left Wing Right Wing Time % Phy DF OF
1 Nicolas Petan Teemu Pulkkinen Dennis Everberg 40 1 2 2
2 Andrej Nestrasil Phil Di Giuseppe Hudson Fasching 30 1 2 2
3 Chandler Stephenson Kurtis Macdermid Juho Lammikko 20 1 2 2
4 Tyler Graovac Mackenzie MacEachern Michael Joly 10 1 2 2
5 vs 5 Defense
Defense Defense Time % Phy DF OF
1 Scott Harrington Juuso Riikola 40 1 2 2
2 Oliver Kylington Dan Renouf 30 1 2 2
3 Adam Ollas-Mattsson Sami Niku 20 1 2 2
4 William Lagesson Daniil Miromanov 10 1 2 2
PowerPlay Forward
Center Left Wing Right Wing Time % Phy DF OF
1 Nicolas Petan Teemu Pulkkinen Dennis Everberg 60 1 2 2
2 Andrej Nestrasil Phil Di Giuseppe Hudson Fasching 40 1 2 2
PowerPlay Defense
Defense Defense Time % Phy DF OF
1 Scott Harrington Juuso Riikola 60 1 2 2
2 Oliver Kylington Dan Renouf 40 1 2 2
Penalty Kill 4 Players Forward
Center Wing Time % Phy DF OF
1 Dennis Everberg Teemu Pulkkinen 60 1 2 2
2 Andrej Nestrasil Nicolas Petan 40 1 2 2
Penalty Kill 4 Players Defense
Defense Defense Time % Phy DF OF
1 Scott Harrington Juuso Riikola 60 1 2 2
2 Oliver Kylington Dan Renouf 40 1 2 2
Penalty Kill - 3 Players Forward
Forward Time % Phy DF OF
1 Dennis Everberg 60 1 2 2
2 Teemu Pulkkinen 40 1 2 2
Penalty Kill - 3 Players Defense
Defense Defense Time % Phy DF OF
1 Scott Harrington Juuso Riikola 60 1 2 2
2 Oliver Kylington Dan Renouf 40 1 2 2
4 vs 4 Forward
Center Wing Time % Phy DF OF
1 Dennis Everberg Teemu Pulkkinen 60 1 2 2
2 Andrej Nestrasil Nicolas Petan 40 1 2 2
4 vs 4 Defense
Defense Defense Time % Phy DF OF
1 Scott Harrington Juuso Riikola 60 1 2 2
2 Oliver Kylington Dan Renouf 40 1 2 2
Last Minutes Offensive
Center Left Wing Right Wing Defense Defense
Andrej Nestrasil Teemu Pulkkinen Dennis Everberg Scott Harrington Juuso Riikola
Last Minutes Defensive
Center Left Wing Right Wing Defense Defense
Andrej Nestrasil Teemu Pulkkinen Dennis Everberg Scott Harrington Juuso Riikola
Goaltenders
Starting : Thatcher Demko
Backup : Marek Langhamer
Extra Forwards
Normal : Anton Karlsson, Lane Pederson, William Lockwood - PP : Anton Karlsson, Lane Pederson - PK : William Lockwood
Extra Defensemen
Normal : Adam Ollas-Mattsson, Sami Niku, William Lagesson - PP : Adam Ollas-Mattsson - PK : Sami Niku, William Lagesson
Penalty Shots
Dennis Everberg, Teemu Pulkkinen, Andrej Nestrasil, Nicolas Petan, Hudson Fasching
Scratches
Jaret Anderson-Dolan (Healthy), Justin Bailey (Left Knee Injury), Jack Rathbone (Healthy), Oskar Steen (Healthy), Dmitry Sokolov (Healthy)
Michael Dipietro (Healthy), Casey DeSmith (Healthy)
% Time on Ice - Marlies
Lines # - Real PCT - Wanted PCT - Time Play
Normal Forward
1 - 36% - 40% - 15:54
2 - 30% - 30% - 13:07
3 - 19% - 20% - 8:15
4 - 16% - 10% - 6:51
Normal Defense
1 - 41% - 40% - 18:10
2 - 30% - 30% - 13:11
3 - 21% - 20% - 9:16
4 - 8% - 10% - 3:30
PP Forward
1 - 62% - 60% - 7:24
2 - 38% - 40% - 4:31
PP Defense
1 - 58% - 60% - 6:57
2 - 42% - 40% - 4:58
PK Forward
1 - 100% - 60% - 3:58
2 - 0% - 40% - 0:00
PK Defense
1 - 59% - 60% - 2:20
2 - 41% - 40% - 1:38
PK3 Forward
1 - 0% - 60%
2 - 0% - 40%
PK3 Defense
1 - 0% - 60%
2 - 0% - 40%
44 Forward
1 - 100% - 60% - 5:00
2 - 0% - 40% - 0:00
44 Defense
1 - 56% - 60% - 2:47
2 - 44% - 40% - 2:13
Last Minute Offensive - 0:00
Last Minute Defensive - 0:00
Total
Forward - 65:00
Defense - 65:00
|
% Time on Ice - Comets
Lines # - Real PCT - Wanted PCT - Time Play
Normal Forward
1 - 32% - 40% - 14:13
2 - 30% - 30% - 13:01
3 - 24% - 20% - 10:41
4 - 14% - 10% - 6:12
Normal Defense
1 - 39% - 40% - 17:02
2 - 31% - 30% - 13:32
3 - 20% - 20% - 8:44
4 - 11% - 10% - 4:49
PP Forward
1 - 53% - 60% - 2:06
2 - 47% - 40% - 1:52
PP Defense
1 - 71% - 60% - 2:50
2 - 29% - 40% - 1:08
PK Forward
1 - 68% - 60% - 8:08
2 - 32% - 40% - 3:47
PK Defense
1 - 59% - 60% - 7:01
2 - 41% - 40% - 4:54
PK3 Forward
1 - 0% - 60%
2 - 0% - 40%
PK3 Defense
1 - 0% - 60%
2 - 0% - 40%
44 Forward
1 - 75% - 60% - 3:45
2 - 25% - 40% - 1:15
44 Defense
1 - 61% - 60% - 3:03
2 - 39% - 40% - 1:57
Last Minute Offensive - 0:00
Last Minute Defensive - 0:00
Total
Forward - 65:00
Defense - 65:00
|
Play-by-Play
1st period
0:01 of 1st period - Nicolas Petan wins face-off versus Elias Pettersson in neutral zone.
0:09 of 1st period - Off-side.
0:10 of 1st period - Nicolas Petan wins face-off versus Elias Pettersson in neutral zone.
1:11 of 1st period - Snap shot by Nicolas Petan.
1:11 of 1st period - Stopped by Logan Thompson with a rebound.
1:37 of 1st period - Snap shot by Elias Pettersson.
1:37 of 1st period - Shot Blocked by Juuso Riikola.
1:44 of 1st period - Icing by Elias Pettersson.
1:45 of 1st period - Nicholas Baptiste wins face-off versus Andrej Nestrasil in Marlies zone.
1:54 of 1st period - Wrist shot by Elias Pettersson.
1:54 of 1st period - Stopped by Thatcher Demko without a rebound.
1:55 of 1st period - Colton Sissons wins face-off versus Andrej Nestrasil in Comets zone.
2:00 of 1st period - Slapshot by Colton Sissons.
2:00 of 1st period - Stopped by Thatcher Demko without a rebound.
2:01 of 1st period - Martin Necas wins face-off versus Chandler Stephenson in Comets zone.
2:10 of 1st period - Snap shot by Martin Necas.
2:10 of 1st period - Shot Blocked by Adam Ollas-Mattsson.
2:12 of 1st period - Wrist shot by Colton Sissons.
2:12 of 1st period - Stopped by Thatcher Demko without a rebound.
2:13 of 1st period - Logan Brown wins face-off versus Andrej Nestrasil in Comets zone.
2:23 of 1st period - Minor Penalty to Hudson Fasching for Tripping.
2:24 of 1st period - Dennis Everberg wins face-off versus Aleksi Saarela in Comets zone.
4:14 of 1st period - Elias Pettersson is hit by Dennis Everberg and loses puck.
4:23 of 1st period - Penalty to Hudson Fasching is over, Hudson Fasching is back on ice.
4:25 of 1st period - Snap shot by Andrej Nestrasil.
4:25 of 1st period - Shot Blocked by Pierre-Olivier Joseph.
4:53 of 1st period - Snap shot by Nicolas Petan.
4:53 of 1st period - Shot Misses the Net.
4:55 of 1st period - Backhand shot by Nicolas Petan.
4:55 of 1st period - Shot Misses the Net.
4:57 of 1st period - Wrist shot by Hudson Fasching.
4:57 of 1st period - Stopped by Logan Thompson without a rebound.
4:58 of 1st period - Chandler Stephenson wins face-off versus Colton Sissons in Marlies zone.
5:01 of 1st period - Wrist shot by Chandler Stephenson.
5:01 of 1st period - Shot Misses the Net.
6:04 of 1st period - Snap shot by Logan Brown.
6:04 of 1st period - Shot Misses the Net.
6:10 of 1st period - Dmitri Samorukov is hit by Phil Di Giuseppe and loses puck.
6:58 of 1st period - Dan Renouf is hit by Pierre-Olivier Joseph and loses puck.
7:11 of 1st period - Wrist shot by Tobias Lindberg.
7:11 of 1st period - Stopped by Thatcher Demko with a rebound.
7:13 of 1st period - Snap shot by Otto Koivula.
7:13 of 1st period - Goal by Otto Koivula - Marlies : 1 - Comets : 0.
7:14 of 1st period - Colton Sissons wins face-off versus Nicolas Petan in neutral zone.
7:19 of 1st period - Wrist shot by Colton Sissons.
7:19 of 1st period - Stopped by Thatcher Demko without a rebound.
7:20 of 1st period - Nicolas Petan wins face-off versus Colton Sissons in Comets zone.
7:53 of 1st period - Snap shot by Phil Di Giuseppe.
7:53 of 1st period - Deflect By Andrej Nestrasil.
7:53 of 1st period - Stopped by Logan Thompson with a rebound.
7:55 of 1st period - Wrist shot by Adam Ollas-Mattsson.
7:55 of 1st period - Shot Misses the Net.
7:57 of 1st period - Wrist shot by Phil Di Giuseppe.
7:57 of 1st period - Stopped by Logan Thompson without a rebound.
7:58 of 1st period - Chandler Stephenson wins face-off versus Colton Sissons in Marlies zone.
7:59 of 1st period - Wrist shot by Juho Lammikko.
7:59 of 1st period - Stopped by Logan Thompson without a rebound.
8:00 of 1st period - Chandler Stephenson wins face-off versus Colton Sissons in Marlies zone.
8:01 of 1st period - Snap shot by Juho Lammikko.
8:01 of 1st period - Stopped by Logan Thompson with a rebound.
8:47 of 1st period - Wrist shot by Mackenzie MacEachern.
8:47 of 1st period - Stopped by Logan Thompson with a rebound.
8:49 of 1st period - Snap shot by Mackenzie MacEachern.
8:49 of 1st period - Stopped by Logan Thompson without a rebound.
8:50 of 1st period - Logan Brown wins face-off versus Tyler Graovac in Marlies zone.
8:50 of 1st period - Logan Brown is hit by Tyler Graovac.
10:20 of 1st period - Wrist shot by Mackenzie MacEachern.
10:20 of 1st period - Deflect By Phil Di Giuseppe.
10:20 of 1st period - Stopped by Logan Thompson without a rebound.
10:21 of 1st period - Phil Di Giuseppe wins face-off versus Logan Brown in Marlies zone.
10:46 of 1st period - Lucas Carlsson is hit by Juho Lammikko and loses puck.
11:09 of 1st period - Slapshot by Tyler Graovac.
11:09 of 1st period - Stopped by Logan Thompson with a rebound.
11:11 of 1st period - Slapshot by Oliver Kylington.
11:11 of 1st period - Shot Misses the Net.
11:13 of 1st period - Slapshot by Oliver Kylington.
11:13 of 1st period - Shot Misses the Net.
11:24 of 1st period - Icing by Oliver Kylington.
11:25 of 1st period - Elias Pettersson wins face-off versus Tyler Graovac in Comets zone.
12:02 of 1st period - Snap shot by Martin Necas.
12:02 of 1st period - Shot Blocked by Oliver Kylington.
12:12 of 1st period - Aleksi Saarela is hit by Phil Di Giuseppe and loses puck.
13:04 of 1st period - Adam Ollas-Mattsson is hit by Lucas Carlsson and loses puck.
13:15 of 1st period - Snap shot by Juho Lammikko.
13:15 of 1st period - Stopped by Logan Thompson without a rebound.
13:16 of 1st period - Valentin Zykov wins face-off versus Chandler Stephenson in Marlies zone.
13:16 of 1st period - Valentin Zykov is hit by Kurtis Macdermid.
13:26 of 1st period - Wrist shot by Nicholas Baptiste.
13:26 of 1st period - Stopped by Thatcher Demko without a rebound.
13:27 of 1st period - Colton Sissons wins face-off versus Nicolas Petan in Comets zone.
15:49 of 1st period - Kurtis Macdermid is hit by Tyler Benson and loses puck.
16:20 of 1st period - Slapshot by Juho Lammikko.
16:20 of 1st period - Shot Misses the Net.
16:28 of 1st period - Dan Renouf is hit by Tyler Benson and loses puck.
16:48 of 1st period - Brett Pesce is hit by Juho Lammikko and loses puck.
16:55 of 1st period - Oliver Kylington is hit by Martin Necas and loses puck.
17:18 of 1st period - Slapshot by Juho Lammikko.
17:18 of 1st period - Shot Misses the Net.
17:20 of 1st period - Wrist shot by Kurtis Macdermid.
17:20 of 1st period - Shot Misses the Net.
17:22 of 1st period - Snap shot by Kurtis Macdermid.
17:22 of 1st period - Shot Misses the Net.
17:24 of 1st period - Snap shot by Juho Lammikko.
17:24 of 1st period - Stopped by Logan Thompson without a rebound.
17:25 of 1st period - Elias Pettersson wins face-off versus Dennis Everberg in Marlies zone.
17:53 of 1st period - Slapshot by Jeff Corbett.
17:53 of 1st period - Shot Blocked by Scott Harrington.
18:16 of 1st period - Slapshot by Brett Pesce.
18:16 of 1st period - Deflect By Otto Koivula.
18:16 of 1st period - Shot Misses the Net.
18:16 of 1st period - Puck is out of play.
18:17 of 1st period - Otto Koivula wins face-off versus Tyler Graovac in Comets zone.
18:24 of 1st period - Slapshot by Daniil Miromanov.
18:24 of 1st period - Shot Misses the Net.
19:01 of 1st period - Andrej Nestrasil is hit by Tobias Lindberg and loses puck.
19:15 of 1st period - Slapshot by Andrej Nestrasil.
19:15 of 1st period - Shot Misses the Net.
19:17 of 1st period - Slapshot by Andrej Nestrasil.
19:17 of 1st period - Shot Misses the Net.
19:19 of 1st period - Snap shot by Phil Di Giuseppe.
19:19 of 1st period - Shot Misses the Net.
19:21 of 1st period - Wrist shot by Andrej Nestrasil.
19:21 of 1st period - Shot Blocked by Brett Pesce.
19:23 of 1st period - Snap shot by Andrej Nestrasil.
19:23 of 1st period - Stopped by Logan Thompson with a rebound.
19:25 of 1st period - Snap shot by Andrej Nestrasil.
19:25 of 1st period - Shot Misses the Net.
19:27 of 1st period - Wrist shot by Andrej Nestrasil.
19:27 of 1st period - Shot Misses the Net.
19:29 of 1st period - Backhand shot by Sami Niku.
19:29 of 1st period - Stopped by Logan Thompson with a rebound.
19:34 of 1st period - Icing by Otto Koivula.
19:35 of 1st period - Aleksi Saarela wins face-off versus Nicolas Petan in Marlies zone.
Goals for this period are 1 for Marlies vs 0 for Comets.
Shots for this period are 7 for Marlies vs 14 for Comets.
2nd period
0:01 of 2nd period - Nicolas Petan wins face-off versus Elias Pettersson in neutral zone.
0:31 of 2nd period - Snap shot by Andrej Nestrasil.
0:31 of 2nd period - Shot Misses the Net.
0:33 of 2nd period - Snap shot by Hudson Fasching.
0:33 of 2nd period - Shot Misses the Net.
0:35 of 2nd period - Snap shot by Andrej Nestrasil.
0:35 of 2nd period - Shot Misses the Net.
0:49 of 2nd period - Slapshot by Jeff Corbett.
0:49 of 2nd period - Shot Misses the Net.
0:51 of 2nd period - Slapshot by Brett Pesce.
0:51 of 2nd period - Shot Misses the Net.
0:53 of 2nd period - Snap shot by Tyler Benson.
0:53 of 2nd period - Stopped by Thatcher Demko without a rebound.
0:54 of 2nd period - Nicolas Petan wins face-off versus Elias Pettersson in Comets zone.
1:31 of 2nd period - Pierre-Olivier Joseph is hit by Juho Lammikko and loses puck.
1:50 of 2nd period - Minor Penalty to Daniil Miromanov for Holding.
1:51 of 2nd period - Alex Formenton wins face-off versus Dennis Everberg in Comets zone.
1:55 of 2nd period - Snap shot by Aleksi Saarela.
1:55 of 2nd period - Stopped by Thatcher Demko with a rebound.
3:07 of 2nd period - Pierre-Olivier Joseph is hit by Teemu Pulkkinen and loses puck.
3:50 of 2nd period - Penalty to Daniil Miromanov is over, Daniil Miromanov is back on ice.
4:17 of 2nd period - Juho Lammikko is hit by Keaton Thompson and loses puck.
4:34 of 2nd period - Slapshot by Hudson Fasching.
4:34 of 2nd period - Shot Misses the Net.
4:59 of 2nd period - Icing by Tobias Lindberg.
5:00 of 2nd period - Nicolas Petan wins face-off versus Tobias Lindberg in Marlies zone.
5:25 of 2nd period - Wrist shot by Valentin Zykov.
5:25 of 2nd period - Shot Misses the Net.
5:34 of 2nd period - Elias Pettersson is hit by Hudson Fasching and loses puck.
5:35 of 2nd period - Elias Pettersson from Marlies is injured at 5:35 of 2nd period (Back).
5:36 of 2nd period - Nicolas Petan wins face-off versus Valentin Zykov in Marlies zone.
5:49 of 2nd period - Slapshot by Dennis Everberg.
5:49 of 2nd period - Stopped by Logan Thompson with a rebound.
6:20 of 2nd period - Off-side.
6:21 of 2nd period - Mackenzie MacEachern wins face-off versus Logan Brown in neutral zone.
6:32 of 2nd period - Wrist shot by Mackenzie MacEachern.
6:32 of 2nd period - Stopped by Logan Thompson with a rebound.
6:46 of 2nd period - Nicolas Petan is hit by Valentin Zykov and loses puck.
6:53 of 2nd period - Snap shot by Nicholas Baptiste.
6:53 of 2nd period - Goal by Nicholas Baptiste - Marlies : 2 - Comets : 0.
6:54 of 2nd period - Nicolas Petan wins face-off versus Valentin Zykov in neutral zone.
7:09 of 2nd period - Wrist shot by Nicolas Petan.
7:09 of 2nd period - Shot Misses the Net.
7:15 of 2nd period - Minor Penalty to Brett Pesce for Holding.
7:16 of 2nd period - Teemu Pulkkinen wins face-off versus Aleksi Saarela in Marlies zone.
9:15 of 2nd period - Penalty to Brett Pesce is over, Brett Pesce is back on ice.
9:58 of 2nd period - Off-side.
9:59 of 2nd period - Tyler Graovac wins face-off versus Logan Brown in neutral zone.
10:10 of 2nd period - Icing by Valentin Zykov.
10:11 of 2nd period - Logan Brown wins face-off versus Nicolas Petan in Marlies zone.
10:46 of 2nd period - Wrist shot by Martin Necas.
10:46 of 2nd period - Stopped by Thatcher Demko with a rebound.
10:48 of 2nd period - Wrist shot by Martin Necas.
10:48 of 2nd period - Shot Misses the Net.
10:50 of 2nd period - Snap shot by Martin Necas.
10:50 of 2nd period - Stopped by Thatcher Demko without a rebound.
10:51 of 2nd period - Logan Brown wins face-off versus Nicolas Petan in Comets zone.
11:04 of 2nd period - Snap shot by Teemu Pulkkinen.
11:04 of 2nd period - Shot Misses the Net.
11:28 of 2nd period - Wrist shot by Martin Necas.
11:28 of 2nd period - Stopped by Thatcher Demko with a rebound.
11:43 of 2nd period - Wrist shot by Juho Lammikko.
11:43 of 2nd period - Stopped by Logan Thompson without a rebound.
11:44 of 2nd period - Nicolas Petan wins face-off versus Aleksi Saarela in Marlies zone.
11:45 of 2nd period - Wrist shot by Teemu Pulkkinen.
11:45 of 2nd period - Goal by Teemu Pulkkinen - Marlies : 2 - Comets : 1.
11:46 of 2nd period - Nicolas Petan wins face-off versus Aleksi Saarela in neutral zone.
11:53 of 2nd period - Slapshot by Juuso Riikola.
11:53 of 2nd period - Shot Blocked by Pierre-Olivier Joseph.
11:55 of 2nd period - Backhand shot by Juuso Riikola.
11:55 of 2nd period - Deflect By Valentin Zykov.
11:55 of 2nd period - Stopped by Logan Thompson with a rebound.
11:57 of 2nd period - Wrist shot by Dennis Everberg.
11:57 of 2nd period - Shot Misses the Net.
12:18 of 2nd period - Andrej Nestrasil is hit by Tyler Benson and loses puck.
12:40 of 2nd period - Kurtis Macdermid is hit by Alex Formenton.
13:12 of 2nd period - Slapshot by Logan Brown.
13:12 of 2nd period - Shot Blocked by Juuso Riikola.
13:22 of 2nd period - Snap shot by Logan Brown.
13:22 of 2nd period - Stopped by Thatcher Demko with a rebound.
13:24 of 2nd period - Slapshot by Keaton Thompson.
13:24 of 2nd period - Deflect By Logan Brown.
13:24 of 2nd period - Stopped by Thatcher Demko without a rebound.
13:25 of 2nd period - Aleksi Saarela wins face-off versus Andrej Nestrasil in Comets zone.
13:26 of 2nd period - Snap shot by Nicholas Baptiste.
13:26 of 2nd period - Shot Misses the Net.
13:32 of 2nd period - Hudson Fasching is hit by Brett Pesce and loses puck.
13:41 of 2nd period - Snap shot by Hudson Fasching.
13:41 of 2nd period - Stopped by Logan Thompson without a rebound.
13:42 of 2nd period - Colton Sissons wins face-off versus Nicolas Petan in Marlies zone.
13:42 of 2nd period - Colton Sissons is hit by Nicolas Petan.
14:05 of 2nd period - Icing by Colton Sissons.
14:06 of 2nd period - Aleksi Saarela wins face-off versus Andrej Nestrasil in Marlies zone.
14:37 of 2nd period - Slapshot by Oliver Kylington.
14:37 of 2nd period - Shot Misses the Net.
14:39 of 2nd period - Slapshot by Dan Renouf.
14:39 of 2nd period - Shot Misses the Net.
14:47 of 2nd period - Snap shot by Andrej Nestrasil.
14:47 of 2nd period - Shot Blocked by Pierre-Olivier Joseph.
14:49 of 2nd period - Backhand shot by Andrej Nestrasil.
14:49 of 2nd period - Stopped by Logan Thompson without a rebound.
14:50 of 2nd period - Colton Sissons wins face-off versus Nicolas Petan in Marlies zone.
15:05 of 2nd period - Wrist shot by Teemu Pulkkinen.
15:05 of 2nd period - Shot Blocked by Keaton Thompson.
15:17 of 2nd period - Juho Lammikko is hit by Keaton Thompson and loses puck.
15:40 of 2nd period - Wrist shot by Aleksi Saarela.
15:40 of 2nd period - Stopped by Thatcher Demko with a rebound.
15:42 of 2nd period - Slapshot by Lucas Carlsson.
15:42 of 2nd period - Shot Misses the Net.
16:08 of 2nd period - Wrist shot by Hudson Fasching.
16:08 of 2nd period - Stopped by Logan Thompson without a rebound.
16:09 of 2nd period - Andrej Nestrasil wins face-off versus Aleksi Saarela in Marlies zone.
16:14 of 2nd period - Slapshot by Andrej Nestrasil.
16:14 of 2nd period - Stopped by Logan Thompson with a rebound.
16:30 of 2nd period - Snap shot by Hudson Fasching.
16:30 of 2nd period - Shot Misses the Net.
16:42 of 2nd period - Snap shot by Colton Sissons.
16:42 of 2nd period - Deflect By Tyler Benson.
16:42 of 2nd period - Stopped by Thatcher Demko without a rebound.
16:43 of 2nd period - Nicolas Petan wins face-off versus Colton Sissons in Comets zone.
17:11 of 2nd period - Double Minor Penalty to Juho Lammikko for Slashing.
17:12 of 2nd period - Aleksi Saarela wins face-off versus Dennis Everberg in Comets zone.
17:27 of 2nd period - Backhand shot by Aleksi Saarela.
17:27 of 2nd period - Stopped by Thatcher Demko with a rebound.
17:37 of 2nd period - Teemu Pulkkinen is hit by Nicholas Baptiste and loses puck.
18:28 of 2nd period - Andrej Nestrasil is hit by Alex Formenton and loses puck.
19:17 of 2nd period - Anton Karlsson is hit by Colton Sissons and loses puck.
19:34 of 2nd period - Nicholas Baptiste is hit by Juuso Riikola and loses puck.
Goals for this period are 1 for Marlies vs 1 for Comets.
Shots for this period are 11 for Marlies vs 9 for Comets.
3rd period
0:01 of 3rd period - Aleksi Saarela wins face-off versus Teemu Pulkkinen in neutral zone.
0:08 of 3rd period - Snap shot by Brett Pesce.
0:08 of 3rd period - Stopped by Thatcher Demko with a rebound.
0:10 of 3rd period - Snap shot by Aleksi Saarela.
0:10 of 3rd period - Stopped by Thatcher Demko with a rebound.
0:12 of 3rd period - Wrist shot by Valentin Zykov.
0:12 of 3rd period - Shot Hit the Post.
0:14 of 3rd period - Snap shot by Brett Pesce.
0:14 of 3rd period - Stopped by Thatcher Demko with a rebound.
0:16 of 3rd period - Snap shot by Valentin Zykov.
0:16 of 3rd period - Stopped by Thatcher Demko with a rebound.
1:11 of 3rd period - Penalty to Juho Lammikko is over, Juho Lammikko is back on ice.
2:17 of 3rd period - Michael Joly is hit by Tyler Benson and loses puck.
2:47 of 3rd period - Off-side.
2:48 of 3rd period - Andrej Nestrasil wins face-off versus Colton Sissons in neutral zone.
2:53 of 3rd period - Wrist shot by Phil Di Giuseppe.
2:53 of 3rd period - Stopped by Logan Thompson with a rebound.
3:11 of 3rd period - Wrist shot by Mathieu Olivier.
3:11 of 3rd period - Shot Misses the Net.
3:13 of 3rd period - Wrist shot by Alex Formenton.
3:13 of 3rd period - Shot Misses the Net.
3:15 of 3rd period - Snap shot by Keaton Thompson.
3:15 of 3rd period - Shot Blocked by Scott Harrington.
3:17 of 3rd period - Wrist shot by Alex Formenton.
3:17 of 3rd period - Stopped by Thatcher Demko with a rebound.
3:33 of 3rd period - Nicholas Baptiste is hit by Kurtis Macdermid and loses puck.
3:58 of 3rd period - Slapshot by Scott Harrington.
3:58 of 3rd period - Stopped by Logan Thompson without a rebound.
3:59 of 3rd period - Nicolas Petan wins face-off versus Aleksi Saarela in Marlies zone.
4:34 of 3rd period - Pierre-Olivier Joseph is hit by Phil Di Giuseppe and loses puck.
5:13 of 3rd period - Slapshot by Brett Pesce.
5:13 of 3rd period - Stopped by Thatcher Demko without a rebound.
5:14 of 3rd period - Andrej Nestrasil wins face-off versus Aleksi Saarela in Comets zone.
5:27 of 3rd period - Slapshot by Hudson Fasching.
5:27 of 3rd period - Stopped by Logan Thompson without a rebound.
5:28 of 3rd period - Aleksi Saarela wins face-off versus Nicolas Petan in Marlies zone.
6:00 of 3rd period - Wrist shot by Colton Sissons.
6:00 of 3rd period - Stopped by Thatcher Demko without a rebound.
6:01 of 3rd period - Nicolas Petan wins face-off versus Valentin Zykov in Comets zone.
6:03 of 3rd period - Minor Penalty to Oliver Kylington for Holding.
6:04 of 3rd period - Dennis Everberg wins face-off versus Aleksi Saarela in Comets zone.
8:03 of 3rd period - Penalty to Oliver Kylington is over, Oliver Kylington is back on ice.
9:22 of 3rd period - Jeff Corbett is hit by Juuso Riikola and loses puck.
9:29 of 3rd period - Kurtis Macdermid is hit by Jeff Corbett and loses puck.
10:35 of 3rd period - Snap shot by Nicolas Petan.
10:35 of 3rd period - Stopped by Logan Thompson with a rebound.
10:37 of 3rd period - Snap shot by Chandler Stephenson.
10:37 of 3rd period - Stopped by Logan Thompson without a rebound.
10:38 of 3rd period - Mathieu Olivier wins face-off versus Chandler Stephenson in Marlies zone.
10:45 of 3rd period - Icing by Kurtis Macdermid.
10:46 of 3rd period - Aleksi Saarela wins face-off versus Chandler Stephenson in Comets zone.
11:14 of 3rd period - Snap shot by Chandler Stephenson.
11:14 of 3rd period - Stopped by Logan Thompson with a rebound.
11:16 of 3rd period - Slapshot by Chandler Stephenson.
11:16 of 3rd period - Goal by Chandler Stephenson - Marlies : 2 - Comets : 2.
11:17 of 3rd period - Aleksi Saarela wins face-off versus Nicolas Petan in neutral zone.
11:24 of 3rd period - Snap shot by Valentin Zykov.
11:24 of 3rd period - Shot Blocked by Scott Harrington.
11:26 of 3rd period - Slapshot by Brett Pesce.
11:26 of 3rd period - Shot Blocked by Scott Harrington.
11:28 of 3rd period - Snap shot by Valentin Zykov.
11:28 of 3rd period - Stopped by Thatcher Demko without a rebound.
11:29 of 3rd period - Nicolas Petan wins face-off versus Aleksi Saarela in Comets zone.
11:29 of 3rd period - Nicolas Petan is hit by Valentin Zykov.
11:51 of 3rd period - Icing by Scott Harrington.
11:52 of 3rd period - Colton Sissons wins face-off versus Phil Di Giuseppe in Comets zone.
12:00 of 3rd period - Off-side.
12:01 of 3rd period - Nicolas Petan wins face-off versus Aleksi Saarela in neutral zone.
12:27 of 3rd period - Snap shot by Logan Brown.
12:27 of 3rd period - Stopped by Thatcher Demko without a rebound.
12:28 of 3rd period - Andrej Nestrasil wins face-off versus Logan Brown in Comets zone.
12:33 of 3rd period - Snap shot by Mathieu Olivier.
12:33 of 3rd period - Stopped by Thatcher Demko with a rebound.
12:43 of 3rd period - Wrist shot by Andrej Nestrasil.
12:43 of 3rd period - Stopped by Logan Thompson without a rebound.
12:44 of 3rd period - Nicolas Petan wins face-off versus Aleksi Saarela in Marlies zone.
12:45 of 3rd period - Wrist shot by Teemu Pulkkinen.
12:45 of 3rd period - Shot Blocked by Valentin Zykov.
12:49 of 3rd period - Snap shot by Nicolas Petan.
12:49 of 3rd period - Stopped by Logan Thompson without a rebound.
12:50 of 3rd period - Aleksi Saarela wins face-off versus Nicolas Petan in Marlies zone.
13:19 of 3rd period - Slapshot by Lucas Carlsson.
13:19 of 3rd period - Deflect By Chandler Stephenson.
13:19 of 3rd period - Stopped by Thatcher Demko without a rebound.
13:20 of 3rd period - Chandler Stephenson wins face-off versus Colton Sissons in Comets zone.
13:24 of 3rd period - Off-side.
13:25 of 3rd period - Nicolas Petan wins face-off versus Colton Sissons in neutral zone.
13:56 of 3rd period - Wrist shot by Andrej Nestrasil.
13:56 of 3rd period - Shot Blocked by Pierre-Olivier Joseph.
13:58 of 3rd period - Wrist shot by Phil Di Giuseppe.
13:58 of 3rd period - Stopped by Logan Thompson with a rebound.
14:02 of 3rd period - Snap shot by Hudson Fasching.
14:02 of 3rd period - Shot Misses the Net.
14:24 of 3rd period - Snap shot by Logan Brown.
14:24 of 3rd period - Stopped by Thatcher Demko with a rebound.
14:30 of 3rd period - Minor Penalty to Scott Harrington for High sticking.
14:31 of 3rd period - Dennis Everberg wins face-off versus Aleksi Saarela in Comets zone.
16:30 of 3rd period - Penalty to Scott Harrington is over, Scott Harrington is back on ice.
16:41 of 3rd period - Kurtis Macdermid is hit by Brett Pesce and loses puck.
17:06 of 3rd period - Mathieu Olivier is hit by Dan Renouf and loses puck.
17:30 of 3rd period - Minor Penalty to Logan Brown for Hooking.
17:31 of 3rd period - Aleksi Saarela wins face-off versus Nicolas Petan in Marlies zone.
17:44 of 3rd period - Snap shot by Aleksi Saarela.
17:44 of 3rd period - Shot Misses the Net.
18:20 of 3rd period - Lucas Carlsson is hit by Teemu Pulkkinen and loses puck.
19:30 of 3rd period - Penalty to Logan Brown is over, Logan Brown is back on ice.
19:31 of 3rd period - Phil Di Giuseppe is hit by Logan Brown and loses puck.
19:46 of 3rd period - Wrist shot by Logan Brown.
19:46 of 3rd period - Shot Misses the Net.
19:56 of 3rd period - Slapshot by Valentin Zykov.
19:56 of 3rd period - Stopped by Thatcher Demko without a rebound.
19:57 of 3rd period - Aleksi Saarela wins face-off versus Anton Karlsson in Comets zone.
Goals for this period are 0 for Marlies vs 1 for Comets.
Shots for this period are 13 for Marlies vs 10 for Comets.
Overtime #1
0:01 of 1st overtime period - Dennis Everberg wins face-off versus Aleksi Saarela in neutral zone.
0:14 of 1st overtime period - Wrist shot by Teemu Pulkkinen.
0:14 of 1st overtime period - Shot Misses the Net.
0:46 of 1st overtime period - Dan Renouf is hit by Mathieu Olivier and loses puck.
1:55 of 1st overtime period - Teemu Pulkkinen is hit by Pierre-Olivier Joseph and loses puck.
2:22 of 1st overtime period - Aleksi Saarela is hit by Nicolas Petan.
2:32 of 1st overtime period - Valentin Zykov is hit by Anton Karlsson and loses puck.
2:49 of 1st overtime period - Keaton Thompson is hit by Anton Karlsson and loses puck.
3:00 of 1st overtime period - Anton Karlsson is hit by Brett Pesce.
3:50 of 1st overtime period - Colton Sissons is hit by Nicolas Petan and loses puck.
4:18 of 1st overtime period - Icing by Adam Ollas-Mattsson.
4:19 of 1st overtime period - Aleksi Saarela wins face-off versus William Lockwood in Comets zone.
4:40 of 1st overtime period - Mathieu Olivier is hit by Dennis Everberg and loses puck.
Goals for this period are 0 for Marlies vs 0 for Comets.
Shots for this period are 0 for Marlies vs 0 for Comets.
ShootOut
5:00 of 1st overtime period - Round #1.
5:00 of 1st overtime period - Marlies, Logan Brown.
5:00 of 1st overtime period - Snap shot by Logan Brown.
5:00 of 1st overtime period - Stopped by Thatcher Demko.
5:00 of 1st overtime period - Comets, Dennis Everberg.
5:00 of 1st overtime period - Backhand shot by Dennis Everberg.
5:00 of 1st overtime period - Stopped by Logan Thompson.
5:00 of 1st overtime period - Round #2.
5:00 of 1st overtime period - Marlies, Martin Necas.
5:00 of 1st overtime period - Deke by Martin Necas.
5:00 of 1st overtime period - Stopped by Thatcher Demko.
5:00 of 1st overtime period - Comets, Teemu Pulkkinen.
5:00 of 1st overtime period - Wrist shot by Teemu Pulkkinen.
5:00 of 1st overtime period - Stopped by Logan Thompson.
5:00 of 1st overtime period - Round #3.
5:00 of 1st overtime period - Marlies, Alex Formenton.
5:00 of 1st overtime period - Backhand shot by Alex Formenton.
5:00 of 1st overtime period - Stopped by Thatcher Demko.
5:00 of 1st overtime period - Comets, Andrej Nestrasil.
5:00 of 1st overtime period - Deke by Andrej Nestrasil.
5:00 of 1st overtime period - Shot Misses the Net.
5:00 of 1st overtime period - Round #4.
5:00 of 1st overtime period - Marlies, Nicholas Baptiste.
5:00 of 1st overtime period - Snap shot by Nicholas Baptiste.
5:00 of 1st overtime period - Shot Misses the Net.
5:00 of 1st overtime period - Comets, Nicolas Petan.
5:00 of 1st overtime period - Wrist shot by Nicolas Petan.
5:00 of 1st overtime period - Goal by Nicolas Petan.